 Dungeon Crawl Stone Soup version 0.30.0-13-g156ef70053 (webtiles) character file.

Game seed: 17982384985115387222

6894 AlmostDecent the Cleaver (level 11, -2/67 HPs)
             Began as a Gargoyle Berserker on May 18, 2023.
             Was a High Priest of Trog.
             Slain by Erolcha
             ... wielding a +0 giant club
              (32 damage)
             ... on level 9 of the Dungeon.
             The game lasted 00:21:58 (8451 turns).

AlmostDecent the Cleaver (Gargoyle Berserker)       Turns: 8451, Time: 00:21:58

Health: -2/67      AC: 23    Str: 24    XL:     11   Next: 6%
Magic:  11/11      EV:  9    Int:  7    God:    Trog [*****.]
Gold:   567        SH:  5    Dex: 17    Spells: 10/10 levels left

rFire   . . .        B - +0 battleaxe (protect)
rCold   . . .        (shield currently unavailable)
rNeg    + . .        j - +0 chain mail
rPois   ∞            s - +2 helmet
rElec   +            A - scarf {shadows}
rCorr   .            d - +2 pair of gloves
SInv    +            (no boots)
Will    .....        p - amulet of reflection Stlth
                     t - +6 ring of dexterity
HPRegen 0.31/turn    K - ring of see invisible
MPRegen 0.12/turn

%: reflection
@: on berserk cooldown, slowed, very slow
A: sickness immunity, AC +8, negative energy resistance 1, electricity
resistance, torment resistance 1, petrification resistance
a: Renounce Religion, Berserk, Trog's Hand, Brothers in Arms


You were on level 9 of the Dungeon.
You worshipped Trog.
Trog was extremely pleased with you.
You visited 1 branch of the dungeon, and saw 9 of its levels.

You collected 567 gold pieces.

Inventory:

Hand Weapons
 a - a +0 hand axe
 y - the +6 hand axe of a treasure trove {antimagic, Str+4}
   (You found it on level 4 of the Dungeon)

   Str:       It affects your strength (+4).
 B - a +0 battleaxe of protection (weapon)
 H - the +6 arbalest of Blood-Lust {heavy, *Corrode +Blink Will+}
   (You found it on level 5 of the Dungeon)

   +Blink:    It lets you blink.
   *Corrode:  It may corrode you when you take damage.
   Will:      It increases your willpower.
Missiles
 J - 4 throwing nets (quivered)
Armour
 b - a +0 cloak
 d - a +2 pair of gloves (worn)
 j - a +0 chain mail (worn)
 s - a +2 helmet (worn)
 A - a scarf of shadows (worn)
 O - a +0 buckler
Jewellery
 f - an amulet of magic regeneration
 k - a ring of positive energy
 p - an amulet of reflection (around neck)
 r - a ring of ice
 t - a +6 ring of dexterity (left hand)
 K - a ring of see invisible (right hand)
 L - a ring of resist corrosion
 N - a ring of magical power
Wands
 n - a wand of flame (24)
 x - a wand of mindburst (11)
 C - a wand of charming (21)
 D - a wand of iceblast (12)
Scrolls
 i - 3 scrolls of teleportation
 l - 2 scrolls of amnesia
 m - 4 scrolls of blinking
 q - 3 scrolls of vulnerability
 w - 3 scrolls of noise
 I - a scroll of fog
Potions
 c - 5 potions of curing
 e - a potion of cancellation
 g - 3 potions of flight
 h - a potion of haste
 o - a potion of resistance
 u - 2 potions of invisibility {unknown}
 v - a potion of magic {unknown}
 z - a potion of mutation {unknown}
 E - a potion of might
 F - 2 potions of attraction {unknown}
 G - a potion of ambrosia {unknown}
 M - 2 potions of lignification {unknown}
 P - 2 potions of degeneration {unknown}


   Skills:
 + Level 7.5 Fighting
 * Level 14.1 Axes
 - Level 2.3 Armour
 - Level 1.6 Dodging
 - Level 1.4 Shields


You had 10 spell levels left.
You didn't know any spells.
Your spell library was empty.

Dungeon Overview and Level Annotations

Branches:
Dungeon (9/15)             Temple (0/1) D:6            Lair (0/5) D:8
    Orc: D:9-12

Altars:
Ashenzari
Dithmenos
Elyvilon
Gozag
Hepliaklqana
Kikubaaqudgha
Okawaru
Sif Muna
Vehumet
Wu Jian
Zin

Annotations:
D:9 Erolcha


Innate Abilities, Weirdness & Mutations

You are immune to sickness and miasma.
Your stone body is resilient. (AC +8)
You are immune to poison.
You resist negative energy. (rN+)
You are resistant to electric shocks. (rElec)
You are resistant to unholy torment.
You are immune to petrification.


Message History

You barely miss Erolcha. Erolcha hits you with a +0 giant club!!
You closely miss Erolcha. You slice Erolcha!!
Your weapon exudes an aura of protection.
Erolcha is moderately wounded.
Erolcha gestures wildly while chanting.
Erolcha flickers and vanishes for a moment.
You barely miss Erolcha.
Erolcha is moderately wounded.
You hit Erolcha.
Erolcha is moderately wounded.
Erolcha casts a spell.
Erolcha blinks!
You feel a strong urge to attack something.
You barely miss Erolcha.
Erolcha is moderately wounded.
You slice Erolcha!!
Erolcha is severely wounded.
Erolcha hits you but does no damage.
You barely miss Erolcha.
Erolcha is severely wounded.
You hit Erolcha.
Erolcha is almost dead.
Erolcha gestures wildly while chanting.
Erolcha blinks!
You feel a strong urge to attack something.
Erolcha mumbles some strange words.
Erolcha blinks!
You are no longer berserk.
You are exhausted.
You feel yourself slow down.
You see here a +0 robe.
Erolcha hits you with a +0 giant club!
You are too injured to fight recklessly!
You are too injured to fight recklessly!
You are too injured to fight recklessly!
You barely miss Erolcha.
Erolcha is almost dead.
Erolcha hits you with a +0 giant club!!
You die...

.....### #..##.#
#....## ...### #.###.#
##..##.# #### #..##.#
#..###.# ######
##..#..####.## #.#
.....#
..####..###.....<# #.#
.#####
#.....<........## ####
## ##....[........#
#.# # ##............##
#.# ##
##.......@.....# #.#
.### ##.........O...##
#.#
...####.............##
#.#
#..................##
##.#
#..................##
##.##
......##........###.#
##.##
.###.####.....###
#.####.## ## #.#
##..### ##.##.## #.#
#### #...##


You could see Erolcha (invisible).

Vanquished Creatures
  Harold (D:9)
  A kobold demonologist (D:8)
  A troll (D:9)
  Prince Ribbit (D:6)
  Sigmund (D:2)
  16 yaks
  A steam dragon (D:9)
  An acid dragon (D:9)
  2 water moccasins
  An orc warrior (D:4)
  A sky beast (D:7)
  2 black bears
  A centaur (D:9)
  2 kobold brigands
  2 bullfrogs
  3 scorpions
  7 wights
  2 howler monkeys
  2 lava snakes (D:8)
  3 hounds
  7 orc priests
  2 jellies (D:7)
  4 sleepcaps
  11 orc wizards
  6 iguanas
  Robin (D:3)
  3 gnolls (D:3)
  8 adders
  A shadow imp (D:7)
  2 white imps
  4 worms
  6 dart slugs
  25 orcs
  7 ball pythons
  8 endoplasms
  2 giant cockroaches
  18 goblins
  13 hobgoblins
  8 jackals
  13 kobolds
  7 quokkas
  5 bats
  5 frilled lizards
  6 rats
223 creatures vanquished.

Vanquished Creatures (others)
  A yak (D:9)
1 creature vanquished.

Grand Total: 224 creatures vanquished

Notes
Turn   | Place    | Note
-------+----------+-------------------------------------------
     0 | D:1      | AlmostDecent the Gargoyle Berserker began the quest for the
                  | Orb.
     0 | D:1      | Reached XP level 1. HP: 14/14 MP: 1/1
   137 | D:1      | Reached XP level 2. HP: 18/19 MP: 2/2
   157 | D:1      | Reached skill level 3 in Axes
   313 | D:1      | Reached XP level 3. HP: 24/24 MP: 3/3
   343 | D:1      | Reached ** piety under Trog
  1132 | D:2      | Found a faded altar of an unknown god.
  1237 | D:2      | Found an ornate altar of the Wu Jian Council.
  1248 | D:2      | Reached XP level 4. HP: 29/29 MP: 4/4
  1262 | D:2      | Reached skill level 4 in Axes
  1320 | D:2      | Noticed Sigmund
  1328 | D:2      | Killed Sigmund
  1329 | D:2      | Reached skill level 5 in Axes
  1329 | D:2      | Reached XP level 5. HP: 33/33 MP: 5/5
  1329 | D:2      | Reached XP level 6. HP: 38/38 MP: 6/6
  1622 | D:3      | Noticed Robin
  1630 | D:3      | Reached *** piety under Trog
  1643 | D:3      | Killed Robin
  1690 | D:3      | Reached skill level 6 in Axes
  1817 | D:3      | Found an opulent altar of Gozag.
  2579 | D:4      | Reached XP level 7. HP: 44/44 MP: 7/7
  2622 | D:4      | Identified the +6 hand axe of a treasure trove {antimagic,
                  | Str+4}
  2656 | D:4      | Reached skill level 1 in Shields
  3069 | D:4      | Reached **** piety under Trog
  3081 | D:4      | Reached skill level 7 in Axes
  3621 | D:5      | Entered Level 5 of the Dungeon
  3841 | D:5      | Reached XP level 8. HP: 48/48 MP: 8/8
  3906 | D:5      | Reached skill level 8 in Axes
  4099 | D:5      | Found an ancient bone altar of Kikubaaqudgha.
  4136 | D:5      | Reached skill level 5 in Fighting
  4303 | D:5      | Identified the +6 arbalest of Blood-Lust {heavy, *Corrode
                  | +Blink Will+}
  4805 | D:6      | Found a staircase to the Ecumenical Temple.
  4847 | D:6      | Reached skill level 9 in Axes
  5171 | D:6      | Found a radiant altar of Vehumet.
  5198 | D:6      | Found an iron altar of Okawaru.
  5240 | D:6      | Found a white marble altar of Elyvilon.
  5292 | D:7      | Noticed Prince Ribbit
  5292 | D:7      | Found a hazy altar of Hepliaklqana.
  5312 | D:6      | Killed Prince Ribbit
  5396 | D:7      | Reached XP level 9. HP: 46/54 MP: 9/9
  5487 | D:7      | Reached skill level 10 in Axes
  5929 | D:7      | Found a broken altar of Ashenzari.
  6126 | D:8      | Reached skill level 11 in Axes
  6161 | D:8      | Reached ***** piety under Trog
  6229 | D:8      | Noticed a kobold demonologist
  6237 | D:8      | Killed a kobold demonologist
  6287 | D:8      | Found a staircase to the Lair.
  6296 | D:8      | Found an ornate altar of the Wu Jian Council.
  6357 | D:8      | Reached skill level 12 in Axes
  6357 | D:8      | Reached XP level 10. HP: 49/61 MP: 10/10
  6459 | D:8      | Found a glowing silver altar of Zin.
  6776 | D:8      | Found a shimmering blue altar of Sif Muna.
  7337 | D:9      | Reached skill level 13 in Axes
  7580 | D:9      | Found a shadowy altar of Dithmenos.
  7761 | D:9      | Noticed Harold
  7777 | D:9      | Killed Harold
  7778 | D:9      | Reached skill level 14 in Axes
  7778 | D:9      | Reached XP level 11. HP: 67/67 MP: 11/11
  8087 | D:9      | Noticed Erolcha
  8451 | D:9      | Slain by Erolcha

Illustrated notes

Levels and vault maps discovered:
D:1:      dpeg_arrival_leaves_temple_mockup, layout_basic,
          nicolae_concentric_dashed_squares_wild, chequers_big_river,
          minmay_tetromino_i4
D:2:      layout_basic, basic_altar, ebering_ecumenical_altar_sacrificial,
          uniq_sigmund
D:3:      layout_loops_ring, mainiacjoe_overflow_tiny_flanked, hellmonk_no_cap,
          uniq_robin
D:4:      layout_loops_ring, st_stairs_2, chequers_serial_rivers_large_b,
          roderic_roman_lattice, nicolae_nh_ransacked_shop
D:5:      layout_loops_cross, mainiacjoe_overflow_brackets, chequers_garden,
          nicolae_hexahallways, kennysheep_generic_room_13
D:6:      layout_rooms, mainiacjoe_overflow_cross_hatched,
          mainiacjoe_overflow_big_doors, minmay_temple_entry_nine_rooms
D:7:      minmay_general_purpose_star, layout_rooms,
          nicolae_hepliaklqana_hazy_memory, mainiacjoe_overflow_alcove_2,
          uniq_prince_ribbit1
D:8:      layout_loops_ring, zin_scriptorium, nzn_wu_jian_contemplation,
          lemuel_tele_altar, kennysheep_big_empty_room
D:9:      layout_layer_cave, nicolae_dithmenos_through_a_glass_darkly,
          uniq_erolcha, uniq_harold

Skill      XL: |  1  2  3  4  5  6  7  8  9 10 |
---------------+-------------------------------+-----
Axes           | 3 5 6 7 9 12 14 | 14.1
Fighting       | 4 5 6 7 |  7.5
Shields        | 1 |  1.4
Armour         | |  2.3
Dodging        | |  1.6

Action                     |  1- 3 |  4- 6 |  7- 9 | 10-12 || total
---------------------------+-------+-------+-------+-------++-------
  Melee: Hand axe          |   135 |   221 |    84 |       ||   440
         Punch             |     1 |     1 |     1 |       ||     3
         Battleaxe         |       |       |   244 |   124 ||   368
 Invoke: Berserk           |       |     1 |     6 |     5 ||    12
         Trog's Hand       |       |       |       |     1 ||     1
    Use: Scroll            |       |       |    15 |     1 ||    16
         Potion            |       |       |     2 |       ||     2
 Armour: Animal skin       |    34 |       |       |       ||    34
         Chain mail        |    47 |   101 |   216 |    51 ||   415
  Dodge: Dodged            |    76 |    74 |   114 |    41 ||   305
  Block: Other             |       |    41 |    54 |    17 ||   112
         Reflection        |       |     2 |     2 |     2 ||     6
